 Dungeon Crawl Stone Soup version 0.26.0-10-g1f06aea511 (webtiles) character file.

Game seed: 9075787066332276500

13 MisterFreud the Digger (level 2, -2/17 HPs)
             Began as an Octopode Earth Elementalist on Jan 16, 2021.
             Slain by a hobgoblin
             ... wielding a +0 club
              (4 damage)
             ... on level 1 of the Dungeon.
             The game lasted 00:00:35 (446 turns).

MisterFreud the Digger (Octopode Earth Elementalist) Turns: 446, Time: 00:00:36

Health: -2/17      AC:  1    Str:  7    XL:     2   Next: 37%
Magic:  5/5        EV: 13    Int: 17    God:
Gold:   34         SH:  0    Dex: 12    Spells: 4/5 levels left

rFire    . . .     SeeInvis .   (no weapon)
rCold    . . .     Faith    .   (no shield)
rNeg     . . .     Spirit   .   (helmet restricted)
rPois    .         Reflect  .   (no amulet)
rElec    .         Harm     .   e - ring of teleportation (curse)
rCorr    .         Rampage  .   (no ring)
Will     .....     Rnd*Tele +   (no ring)
Stlth    +++.......             (no ring)
HPRegen  0.05/turn              (no ring)
MPRegen  0.09/turn              (no ring)
                                (no ring)
                                (no ring)

@: no status effects
A: almost no armour, stealthy swim, amphibious, 8 rings, constrict 8, camouflage
1, gelatinous body 1
a: no special abilities


You were on level 1 of the Dungeon.
You visited 1 branch of the dungeon, and saw 1 of its levels.

You collected 34 gold pieces.

Inventory:

Missiles
 b - 43 stones
Jewellery
 e - a cursed ring of teleportation (left tentacle)
Scrolls
 c - a scroll of remove curse {unknown}
 d - a scroll of fog {unknown}
Potions
 a - 2 potions of heal wounds {unknown}


   Skills:
 - Level 2.0 Dodging
 - Level 2.6 Stealth
 - Level 2.0 Spellcasting
 - Level 1.0 Transmutations
 + Level 3.7 Earth Magic


You had 4 spell levels left.
You knew the following spells:

 Your Spells              Type           Power        Failure   Level
a - Sandblast             Erth           28%          4%          1

Your spell library contained the following spells:

 Spells                   Type           Power        Failure   Level
 Passwall                 Tmut/Erth      7%           11%         2
 Stone Arrow              Conj/Erth      16%          26%         3
 Petrify                  Tmut/Erth      9%           58%         4
 Lee's Rapid Deconstruct  Erth           7%           75%         5


Dungeon Overview and Level Annotations

Branches:
Dungeon (1/15)

Altars:


Innate Abilities, Weirdness & Mutations

You cannot wear most types of armour.
You are very stealthy in the water. (Stealth+)
You are amphibious.
You can wear up to eight rings at the same time.
You can use your tentacles to constrict eight enemies at once.
Your skin changes colour to match your surroundings (Stealth+).
Your rubbery body absorbs attacks. (AC +1, EV +1)


Message History

You squeeze the hobgoblin, but do no damage.
The hobgoblin is severely wounded.
The goblin closely misses you. The hobgoblin barely misses you.
You tentacle-slap the hobgoblin but do no damage.
Your grab misses the hobgoblin.
The hobgoblin is severely wounded.
The goblin hits you but does no damage. The hobgoblin hits you.
You tentacle-slap the hobgoblin.
You kill the hobgoblin!
The goblin closely misses you.
You barely miss the goblin. Your grab misses the goblin.
The hobgoblin completely misses you. The goblin completely misses you.
You barely miss the goblin. Your grab misses the goblin.
The hobgoblin hits you with a +0 club.
You closely miss the hobgoblin. You grab the hobgoblin.
You constrict the hobgoblin, but do no damage.
The goblin hits you with a +0 club.
* * * LOW HITPOINT WARNING * * *
The hobgoblin hits you with a +0 club.
You die...

........###........
....######............##
.P..## ##..............#
≈#P..###......[........#
≈##....................#
≈≈≈....>...............#
≈##..###÷..............#
≈#P............g......#
.P.............g@....#
............##.†######
<...............#
...............##
.P............##
≈#P..........##
≈##..........#
≈≈≈..........#
≈##..........#


You could see a hobgoblin and a goblin.

Vanquished Creatures
  A leopard gecko (D:1)
  2 bats (D:1)
  A giant cockroach (D:1)
  A goblin (D:1)
  2 hobgoblins (D:1)
  3 frilled lizards (D:1)
  A kobold (D:1)
  A rat (D:1)
12 creatures vanquished.

Notes
Turn   | Place    | Note
-------+----------+-------------------------------------------
     0 | D:1      | MisterFreud the Octopode Earth Elementalist began the quest
                  | for the Orb.
     0 | D:1      | Reached XP level 1. HP: 11/11 MP: 3/3
    19 | D:1      | Reached XP level 2. HP: 8/17 MP: 0/5
   446 | D:1      | Slain by a hobgoblin

Illustrated notes

Levels and vault maps discovered:
D:1:      eino_arrival_water_cross, layout_rooms

Action                   || total
-------------------------++-------
Melee: Unarmed           ||    38
       Constrict         ||    10
       Tentacles         ||     6
 Cast: Sandblast         ||     3
 Stab: Sleeping          ||     1
Armor: Skin              ||     4
Dodge: Dodged            ||    31
